Map: Ever Dream LE

Players

mondro - Winner!

  • Race: Terran Terran
  • League: Platinum
  • Spawn Location: 1:00

cartman

  • Race: Terran Terran
  • League: Diamond
  • Spawn Location: 7:00

VOD

Have the link to the VOD?

Description

Time

  • Played on: July 11, 2020, 6:57 a.m.
  • Length: 19:17
Show
View Real Time Build Order
Export as new Build Order

mondro Terran - Winner!

Build Orders:  

Get SALT Encoding   

  12  0:00  SCV  
  13  0:13  SCV  
  14  0:17  Supply Depot  
  14  0:25  SCV  
  15  0:38  SCV  
  15  0:40  Barracks  
  16  0:46  Refinery  
  16  0:52  SCV  
  17  1:04  SCV  
  18  1:16  SCV  
  19  1:28  Supply Depot  
  19  1:30  Marine  
  20  1:33  Bunker  
  20  1:36  Barracks  
  20  1:43  Orbital Command  
  20  1:48  Marine  
  21  1:57  Bunker  
  21  2:12  SCV  
  21  2:13  Factory  
  22  2:16  Marine  
  23  2:23  Marine  
  23  2:29  Supply Depot  
  24  2:52  Marine x2  
  24  2:55  Refinery  
  24  2:56  Factory Tech Lab  
  25  3:15  Marine x2, Siege Tank  
  30  3:21  Command Center  
  30  3:31  SCV  
  30  3:33  Supply Depot  
  31  3:48  Starport  
  31  3:55  Marine  
  33  4:03  Siege Tank  
  35  4:17  Marine  
  35  4:19  Barracks Tech Lab  
  36  4:33  Orbital Command  
  36  4:34  Medivac  
  38  4:43  Marine x2  
  40  4:47  Stimpack  
  40  4:48  Hellion  
  42  4:57  Engineering Bay  
  42  5:04  Orbital Command  
  40  5:17  Liberator  
  41  5:30  SCV  
  41  5:32  SCV  
  41  5:34  Marine x2  
  45  5:42  SCV, Starport  
  46  5:44  SCV  
  47  5:54  SCV  
  47  5:56  SCV  
  47  6:08  SCV, Marine  
  47  6:10  Siege Tank  
  45  6:18  SCV  
  45  6:21  Viking  
  45  6:22  Marauder  
  50  6:26  Marine  
  50  6:30  SCV  
  52  6:38  SCV  
  53  6:43  SCV, Supply Depot  
  54  6:55  Barracks Reactor  
  54  6:56  Supply Depot  
  54  6:59  Refinery  
  54  7:01  Refinery  
  54  7:02  Starport Reactor  
  54  7:04  SCV x2, Siege Tank  
  59  7:14  Starport Tech Lab  
  59  7:16  SCV x2  
  61  7:29  SCV x2  
  63  7:30  Bunker  
  63  7:33  Supply Depot, Marine x2  
  65  7:41  SCV x2  
  62  7:46  Viking x2  
  62  7:48  Siege Tank  
  62  7:51  Marine  
  69  7:54  SCV x2, Marine  
  69  7:56  Viking  
  75  8:06  SCV x2  
  75  8:09  Marine  
  75  8:12  Marine  
  78  8:25  Supply Depot  
  78  8:46  Viking x2, SCV x2, Marine  
  75  8:56  Supply Depot  
  75  8:58  SCV, Command Center  
  75  8:59  SCV  
  77  9:04  Marine  
  77  9:05  Supply Depot  
  78  9:10  Combat Shield  
  78  9:26  Viking, SCV x2, Marine  
  78  9:27  Marauder  
  85  9:38  SCV  
  86  9:55  Terran Infantry Weapons Level 1  
  86  10:00  Supply Depot  
  86  10:06  Supply Depot  
  86  10:09  Viking x2, SCV x2, Marine x2  
  86  10:11  Orbital Command  
  86  10:13  Viking  
  96  10:21  SCV x2  
  98  10:33  SCV x2  
  100  10:36  Siege Tank  
  100  10:39  Viking x2, Marauder  
  109  10:46  SCV x2  
  111  10:53  Barracks  
  111  10:55  SCV  
  112  10:57  Barracks  
  112  10:58  SCV x2  
  112  11:00  Marauder  
  112  11:07  SCV  
  112  11:10  SCV x2  
  111  11:17  Liberator x2  
  115  11:19  SCV  
  115  11:23  Marauder  
  116  11:30  SCV  
  117  11:35  Starport Reactor, Supply Depot  
  117  11:36  SCV x2  
  119  11:42  SCV  
  120  11:48  SCV x2  
  120  11:49  Starport  
  122  11:54  SCV  
  122  12:01  SCV x2  
  125  12:03  Viking x2  
  125  12:06  SCV  
  128  12:13  SCV x2, Viking  
  127  12:18  SCV  
  127  12:22  Refinery  
  128  12:24  Refinery  
  128  12:25  SCV x2  
  128  12:28  Starport Reactor  
  128  12:29  Barracks Reactor  
  130  12:31  Barracks Reactor, SCV  
  130  12:32  Marauder  
  133  12:41  Supply Depot x2  
  133  12:42  Supply Depot  
  133  13:00  Supply Depot  
  133  13:02  Viking x2, SCV x2  
  133  13:03  SCV, Marauder  
  142  13:14  SCV x2  
  142  13:15  SCV  
  145  13:23  Viking x2  
  145  13:24  Marauder, Marine x2  
  145  13:25  Viking x2  
  145  13:26  SCV  
  158  13:27  SCV  
  158  13:32  Viking x2  
  163  13:39  SCV x2  
  165  13:42  Marine x2  
  165  13:45  Siege Tank  
  157  13:51  SCV x2  
  151  14:00  Marine x2  
  143  14:07  SCV x2  
  132  14:14  Viking x4  
  137  14:19  SCV x2  
  137  14:23  Orbital Command  
  139  14:31  SCV x2  
  138  14:36  Marauder  
  139  14:43  SCV  
  139  14:44  SCV  
  141  14:46  Supply Depot  
  141  14:50  Supply Depot  
  141  14:55  SCV  
  141  14:57  Marauder  
  138  15:07  SCV x2  
  138  15:14  Viking x5, Marine  
  143  15:15  Marine  
  143  15:19  SCV x2, Marauder  
  155  15:30  Terran Infantry Armor Level 1  
  155  15:31  SCV x2  
  155  15:32  Marine x3  
  155  15:35  Siege Tank  
  163  15:40  Marauder  
  163  15:41  Refinery  
  163  15:42  SCV  
  166  15:43  SCV x2, Refinery  
  166  15:46  Barracks  
  168  15:54  SCV  
  167  15:57  SCV  
  167  16:01  Engineering Bay, Marauder, Barracks Tech Lab  
  167  16:02  Medivac  
  172  16:06  SCV  
  172  16:07  Siege Tank  
  172  16:09  SCV  
  177  16:18  SCV  
  178  16:21  SCV  
  178  16:23  Marauder  
  178  16:24  Command Center  
  181  16:31  SCV  
  181  16:36  Supply Depot  
  181  16:41  Armory  
  181  16:56  SCV x2  
  181  16:57  Marauder, Siege Tank  
  180  17:08  SCV x2  
  180  17:16  Medivac, Marauder  
  180  17:17  Medivac  
  180  17:18  Marauder  
  180  17:20  SCV  
  189  17:32  Siege Tank  
  189  17:33  SCV  
  181  17:37  Marauder  
  181  17:39  Marauder  
  180  17:46  SCV, Medivac  
  180  17:49  Viking x2  
  185  17:58  SCV  
  185  17:59  Marauder  
  185  18:01  Marauder, Orbital Command  
  190  18:10  SCV  
  191  18:14  Viking x2  
  191  18:19  Viking x2  
  177  18:53  SCV  
  178  18:58  Marine x2  
Show
View Real Time Build Order
Export as new Build Order

cartman Terran 

Build Orders:  

Get SALT Encoding   

  12  0:01  SCV  
  13  0:13  SCV  
  14  0:23  Supply Depot  
  14  0:25  SCV  
  15  0:44  SCV  
  15  0:46  Barracks  
  16  0:55  Barracks  
  16  0:56  SCV  
  17  1:08  Supply Depot  
  17  1:12  SCV, Refinery  
  18  1:24  SCV  
  19  1:35  Marine  
  19  1:36  SCV  
  21  1:40  Refinery  
  21  1:46  Barracks Tech Lab  
  21  1:50  Orbital Command  
  21  2:05  Marauder  
  23  2:09  Barracks Reactor  
  23  2:15  SCV  
  24  2:27  SCV, Marauder  
  27  2:37  Factory  
  27  2:39  SCV  
  28  2:45  Marine x2  
  30  2:54  Supply Depot  
  30  2:55  Stimpack  
  30  3:03  Marine  
  31  3:15  Marine  
  31  3:16  Marauder  
  31  3:17  Supply Depot  
  34  3:21  Marine  
  34  3:22  Factory Tech Lab  
  35  3:32  Starport  
  35  3:33  Marine  
  36  3:37  Marine  
  36  3:40  Supply Depot  
  38  3:55  Marauder  
  38  3:58  Marine x2, Siege Tank  
  43  4:17  Marauder  
  45  4:24  Liberator  
  45  4:26  Marine x2  
  50  4:38  Marauder  
  52  4:43  Marine  
  52  4:44  Marine  
  54  4:53  Command Center  
  54  4:59  Combat Shield, Marine  
  55  5:26  Supply Depot, Marine x2, Siege Tank  
  60  5:33  Marine  
  61  5:40  Bunker  
  61  5:42  Starport Reactor  
  61  5:44  Marine x2  
  63  5:51  Marine  
  38  6:14  Orbital Command  
  38  6:19  Marine  
  38  6:20  Marauder, Siege Tank  
  40  6:33  Viking x2  
  41  6:47  Marine  
  41  6:53  SCV  
  43  7:03  Viking  
  43  7:04  Marine  
  43  7:05  SCV, Engineering Bay, Marine  
  48  7:14  Refinery  
  48  7:20  Siege Tank  
  51  7:27  SCV  
  52  7:39  SCV  
  52  7:41  Viking  
  52  7:42  Viking  
  55  7:50  Marauder, Marine x2  
  59  7:51  SCV  
  60  8:03  SCV  
  61  8:06  Siege Tank  
  61  8:11  Viking  
  66  8:16  Supply Depot x2  
  66  8:21  Missile Turret  
  55  8:51  Viking x2  
  56  8:56  Marine  
  56  8:57  Marine x2  
  59  9:14  Marine  
  60  9:21  Viking x2  
  61  9:28  Cyclone  
  64  9:51  Viking x2  
  68  10:19  Cyclone  
  68  10:21  Viking x2  
  73  10:25  Mag-Field Accelerator  
  75  10:37  Marine x3  
  78  10:51  Viking x2  
  78  10:55  Marine x2  
  70  11:21  Medivac  
  72  11:28  Siege Tank  
  72  11:29  Marine, Liberator  
  72  11:30  Marine x2  
  81  11:33  Missile Turret  
  81  11:40  Refinery  
  81  11:51  Viking  
  83  12:00  Cyclone  
  80  12:12  Viking  
  80  12:16  Marine x3  
  80  12:20  Liberator  
  86  12:32  Hellion  
  86  12:34  Marine x3  
  91  12:43  Viking  
  93  12:51  Marine x2  
  93  12:52  Marine  
  93  12:53  Hellion  
  98  13:09  Marine  
  98  13:15  Viking x2  
  102  13:28  Armory  
  95  13:45  Viking x2  
  49  14:16  Marauder, Marine x2  
  53  14:17  Cyclone  
  53  14:18  Viking  
  52  14:38  Marauder  
  45  14:40  Marine x2  
  47  14:49  Siege Tank  
  50  14:57  Marine  
  50  14:58  Marine  
  50  14:59  Marauder  
  52  15:15  Marine x2  
  52  15:21  Terran Infantry Weapons Level 1, Marauder  
  56  15:27  Medivac  
  58  15:33  Marine x2  
  58  15:34  Liberator  
  63  15:41  Marine  
  64  15:51  Marine x2  
  66  15:57  Medivac  
  66  15:59  Marine  
  69  16:09  Marine x2  
  71  16:15  Command Center  
  71  16:17  Marine  
  72  16:24  Siege Tank  
  75  16:27  Marine x2  
  77  16:35  Marine  
  78  16:56  Siege Tank  
  64  17:07  Marauder, Marine x2  
  53  17:16  Terran Infantry Armor Level 1  
  53  17:21  Viking  
  55  17:24  Marine  
  55  17:28  Siege Tank  
  55  17:29  Marauder  
  38  17:58  Viking, Marauder, Marine  
  41  17:59  Marine  
  44  18:16  Marine  
  31  18:44  Marine x2  
  31  18:45  Marauder  
Tags
 
Matchup
TvT
Race
Terran
Spawn Locations
Cross Positions
Add a new tag
Caveats
  • Supply blocks, unpowered buildings, or Contaminate may cause inaccurate times.
  • Supply counts are checked every 10 seconds.